 Dungeon Crawl Stone Soup version 0.24-a0-584-g9d6b971ae4 (webtiles) character file.

Game seed: 3498031876762016391, levelgen mode: deterministic

20 Masnef the Poker (level 2, -1/22 HPs)
             Began as a Merfolk Skald on Sept 1, 2019.
             Slain by a hobgoblin
             ... wielding a +0 club
              (4 damage)
             ... on level 1 of the Dungeon.
             The game lasted 00:02:11 (550 turns).

Masnef the Poker (Merfolk Skald)                     Turns: 550, Time: 00:02:12

Health: -1/22      AC:  3    Str: 11    XL:     2   Next: 79%
Magic:  3/5        EV:  9    Int: 12    God:
Gold:   37         SH:  6    Dex: 13    Spells: 2/5 levels left

rFire    . . .     SeeInvis .   a - +0 spear
rCold    . . .     Gourm    .   e - +0 shield
rNeg     . . .     Faith    .   b - +0 leather armour
rPois    .         Spirit   .   (no helmet)
rElec    .         Reflect  .   (no cloak)
rCorr    .         Harm     .   (no gloves)
MR       .....                  (no boots)
Stlth    +.........             (no amulet)
HPRegen  0.07/turn              (no ring)
MPRegen  0.09/turn              (no ring)

@: very slightly contaminated
A: change form in water, swift swim, stealthy swim
a: no special abilities


You were on level 1 of the Dungeon.
You were not hungry.

You visited 1 branch of the dungeon, and saw 1 of its levels.

You collected 37 gold pieces.

Inventory:

Hand Weapons
 a - a +0 spear (weapon)
Armour
 b - a +0 leather armour (worn)
 e - a +0 shield (worn)
Jewellery
 c - an uncursed ring of wizardry
 g - an uncursed ring of stealth
Scrolls
 h - 2 scrolls of identify {unknown}
Potions
 f - a potion of ambrosia {unknown}
Comestibles
 d - a ration


   Skills:
 * Level 2.2 Fighting
 + Level 4.0 Polearms
 - Level 0.6 Armour
 * Level 2.7 Dodging
 * Level 0.1 Shields
 - Level 2.0 Spellcasting
 * Level 3.6 Charms
 * Level 0.2 Translocations


You had 2 spell levels left.
You knew the following spells:

 Your Spells              Type           Power        Failure   Level  Hunger
a - Infusion              Chrm           #...         50%         1    ##.....
b - Shroud of Golubria    Chrm/Tloc      #.....       86%         2    ###....

Your spell library contained the following spells:

 Spells                   Type           Power        Failure   Level  Hunger
 Song of Slaying          Chrm           #.......     65%         2    ###....
 Regeneration             Chrm/Necr      #.........   98%         3    ####...
 Spectral Weapon          Hex/Chrm       #.......     98%         3    ####...


Dungeon Overview and Level Annotations

Branches:
Dungeon (1/15)

Altars:


Message History

The hobgoblin hits you with a +0 club.
You hit the hobgoblin.
The hobgoblin is severely wounded.
You completely miss the hobgoblin.
The hobgoblin is severely wounded.
The hobgoblin hits you with a +0 club.
You barely miss the hobgoblin.
The hobgoblin is severely wounded.
The hobgoblin hits you with a +0 club.
* * * LOW HITPOINT WARNING * * *
You closely miss the hobgoblin.
The hobgoblin is severely wounded.
The hobgoblin hits you but does no damage.
You closely miss the hobgoblin.
The hobgoblin is severely wounded.
You block the hobgoblin's attack.
You closely miss the hobgoblin.
The hobgoblin is severely wounded.
The hobgoblin hits you with a +0 club.
You die...

#.# #.#
##.# #..#
#.## #.#
#.# #.# #@#
#g#######
###l......#
#..........
#.#######..
#.$......
#..######
#†.# #$.#


You could see a hobgoblin and a frilled lizard.

Vanquished Creatures
  2 leopard geckos (D:1)
  A giant cockroach (D:1)
  2 goblins (D:1)
  4 hobgoblins (D:1)
  A bat (D:1)
  A frilled lizard (D:1)
  3 kobolds (D:1)
  3 rats (D:1)
17 creatures vanquished.

Vanquished Creatures (others)
  4 toadstools (D:1)
4 creatures vanquished.

Grand Total: 21 creatures vanquished

Notes
Turn   | Place    | Note
-------+----------+-------------------------------------------
     0 | D:1      | Masnef the Merfolk Skald began the quest for the Orb.
     0 | D:1      | Reached XP level 1. HP: 16/16 MP: 3/3
   104 | D:1      | Reached skill level 4 in Polearms
   104 | D:1      | Reached XP level 2. HP: 16/22 MP: 1/5
   108 | D:1      | Learned a level 2 spell: Shroud of Golubria
   550 | D:1      | Slain by a hobgoblin

Levels and vault maps discovered:
D:1:      ldierk_water_garden, layout_loops_ring

Skill      XL: |  1 |
---------------+----+-----
Polearms       | 4 |  4.0
Fighting       | |  2.2
Armour         | |  0.6
Dodging        | |  2.7
Shields        | |  0.1
Spellcasting   | |  2.0
Charms         | |  3.6
Translocations | |  0.2

Action                   || total
-------------------------++-------
Melee: Spear             ||    84
       Tailslap          ||     2
 Cast: Infusion          ||     4
Armor: Leather armour    ||    16
Dodge: Dodged            ||    36
Block: Shield            ||    15

Table legend:
 A = Non-vault XP
 B = Vault XP
 C = Vault XP percentage of total XP
 D = Non-vault monster count
 E = Vault monster count
 F = Vault count percentage of total count
                 A         B        C        D         E       F
            +---------+---------+-------+---------+---------+-------
      Total |      29 |       0 |   0.0 |      17 |       0 |   0.0
            +---------+---------+-------+---------+---------+-------
        D:1 |      29 |       0 |   0.0 |      17 |       0 |   0.0
            +---------+---------+-------+---------+---------+-------
